 Dungeon Crawl Stone Soup version 0.17-a0-1368-g6ab37f2 (webtiles) character file.

514 hagg the Cudgeler (level 7, -2/61 HPs)
             Began as a Gargoyle Berserker on June 12, 2015.
             Was a Priest of Trog.
             Slain by an ogre
             ... wielding a +0 giant club
              (15 damage)
             ... on level 4 of the Dungeon.
             The game lasted 00:20:57 (3522 turns).

hagg the Cudgeler (Gargoyle Berserker)              Turns: 3522, Time: 00:20:57

Health: -2/61      AC: 15    Str: 26    XL:     7   Next: 20%
Magic:  7/7        EV: 10    Int:  8    God:    Trog [***...]
Gold:   196        SH:  0    Dex: 10    Spells: 0 memorised, 6 levels left

rFire  . . .     SeeInvis .     a - +0 mace
rCold  . . .     Clarity  .     p - +1 scale mail {MR+}
rNeg   + . .     SustAt   .     (no shield)
rPois  ∞         Gourm    .     r - +0 helmet
rElec  +         Spirit   .     (no cloak)
rCorr  .         Warding  .     (no gloves)
rMut   .         Stasis   .     o - +1 pair of boots
MR     +++..                    (no amulet)
Stlth  ..........               q - +1 ring of slaying
                                h - ring of stealth

@: berserking, regenerating, very quick, extremely resistant to hostile
enchantments, extremely unstealthy
A: negative energy resistance 1, electricity resistance, unbreathing,
petrification resistance, rot immunity, AC +4
a: Burn Spellbooks, Berserk, Trog's Hand, Renounce Religion


You were on level 4 of the Dungeon.
You worshipped Trog.
Trog was most pleased with you.
You were hungry.

You visited 1 branch of the dungeon, and saw 4 of its levels.
You also visited: Sewer.

You collected 196 gold pieces.

Inventory:

Hand weapons
 a - a +0 mace (weapon)
Armour
 j - a +1 ring mail of poison resistance
 o - a +1 pair of boots (worn)
 p - a +1 scale mail of magic resistance (worn)
 r - a +0 helmet (worn)
Rods
 n - a +0 rod of ignition (10/10)
   (You found it on level 3 of the Dungeon)
Jewellery
 h - a ring of stealth (left hand)
 q - a +1 ring of slaying (right hand)
Magical devices
 b - a wand of draining (8)
 i - a wand of fire (0)
Scrolls
 d - a scroll of immolation
 e - 5 scrolls of teleportation
 g - 7 scrolls of identify
 t - a scroll of remove curse
 u - a scroll of fear {unknown}
Potions
 l - 2 potions of haste
 m - a potion of flight {unknown}
 s - a potion of invisibility {unknown}
Comestibles
 c - 4 bread rations
 f - 2 beef jerkies
 k - 2 slices of pizza
 v - 3 chunks of flesh


   Skills:
 - Level 3.2 Fighting
 + Level 7.2 Maces & Flails
 - Level 2.1 Armour
 - Level 1.5 Dodging
 - Level 3.7 Stealth


You had 6 spell levels left.
You didn't know any spells.

Dungeon Overview and Level Annotations

Branches:
Dungeon (4/15)             Temple (0/1) D:4

Altars:


Innate Abilities, Weirdness & Mutations

You are resistant to torment.
Your stone body is resilient (AC +4).
You are immune to poison.
You resist negative energy.
You are resistant to electric shocks.
You can survive without breathing.
You are immune to petrification.
You are immune to rotting.


Message History

You are too injured to fight recklessly!
You are too injured to fight recklessly!
You are too injured to fight recklessly!
You are too injured to fight recklessly!
You are too injured to fight recklessly!
You are too injured to fight recklessly!
You are too injured to fight recklessly!
You are too injured to fight recklessly!
Drink which item? (? for menu, Esc to quit)
Okay, then.
Use which ability? (? or * to list)
Your skin crawls.
You feel resistant to hostile enchantments.
You feel slightly more hungry.
Use which ability? (? or * to list)
A red film seems to cover your vision as you go berserk!
You feel yourself moving faster!
You feel mighty!
You are feeling hungry.
The ogre hits you with a giant club!
You die...

....# .................
....#........................
.....#........................
........................
........................
#.......###+###+##+###..
#.......#............#..
#......O#............#..
#......@#............#..
#.......'............'..
+.......#............#..
#.......#...##'####..#..
###.....###+##..###..###
+.....#........#......
#.....+........'......
#.....#........#......
#.....################


You could see an ogre.

Vanquished Creatures
  Sigmund (D:2)
  Purgy (Sewer)
  A centaur zombie (D:3)
  Ijyb (D:3)
  Terence (D:3)
  An iguana (D:3)
  A hound zombie (D:3)
  3 adders
  A river rat (D:3)
  An ooze (D:3)
  3 worms
  2 giant geckos (D:3)
  6 orcs (D:3)
  A ball python (D:3)
  9 bats
  A bat skeleton (D:4)
  4 giant cockroaches
  4 goblins
  9 hobgoblins
  2 quokkas
  6 giant newts
  2 jackals (D:4)
  A jackal zombie (D:4)
  14 kobolds
  9 rats
85 creatures vanquished.

Notes
Turn   | Place    | Note
--------------------------------------------------------------
     0 | D:1      | hagg the Gargoyle Berserker began the quest for the Orb.
     0 | D:1      | Reached XP level 1. HP: 14/14 MP: 1/1
    61 | D:1      | Reached XP level 2. HP: 4/19 MP: 2/2
   792 | D:1      | Acquired Trog's second power
   812 | D:1      | Reached skill level 4 in Maces & Flails
   854 | D:1      | Reached XP level 3. HP: 16/23 MP: 3/3
  1343 | D:2      | Noticed Sigmund
  1361 | D:2      | Killed Sigmund
  1361 | D:2      | Reached skill level 5 in Maces & Flails
  1361 | D:2      | Reached skill level 1 in Stealth
  1361 | D:2      | Reached XP level 4. HP: 11/28 MP: 4/4
  1361 | D:2      | Reached XP level 5. HP: 12/32 MP: 5/5
  1364 | D:2      | Reached skill level 6 in Maces & Flails
  2171 | D:3      | Reached XP level 6. HP: 37/37 MP: 6/6
  2314 | D:3      | Noticed Terence
  2324 | D:3      | Killed Terence
  2405 | D:3      | Noticed Ijyb
  2437 | D:3      | Killed Ijyb
  2746 | D:3      | Found a glowing drain.
  2796 | Sewer    | Entered a sewer
  2887 | Sewer    | Noticed Purgy
  2893 | Sewer    | Killed Purgy
  2893 | Sewer    | Reached skill level 7 in Maces & Flails
  2893 | Sewer    | Reached XP level 7. HP: 41/41 MP: 7/7
  3445 | D:4      | Found a staircase to the Ecumenical Temple.
  3522 | D:4      | Slain by an ogre

Vault maps used:
D:1:      dpeg_arrival_simpleton_b
D:2:      uniq_sigmund
D:3:      portal_sewer_entry_a, first_bread, st_stairs_13, minivault_19,
          uniq_terence, uniq_iyjb
D:4:      temple_statues
Sewer:    kennysheep_door_sewer

Action                   |  1- 3 |  4- 6 |  7- 9 || total
-------------------------+-------+-------+-------++-------
Melee: Mace              |    97 |   158 |    37 ||   292
       Flail             |       |    41 |       ||    41
Invok: Berserk           |     2 |     2 |     1 ||     5
       Trog's Hand       |       |     1 |     1 ||     2
  Use: Scroll            |       |     8 |       ||     8
       Potion            |       |     4 |       ||     4
 Stab: Sleeping          |     1 |     7 |     1 ||     9
  Eat: Chunk             |     2 |     8 |     3 ||    13
